 Dungeon Sprint DCSS version 0.21.1-1-g345015f (webtiles) character file.

445 wilfster70 the Carver (level 6, -2/55 HPs)
             Began as a Demonspawn Berserker on June 21, 2018.
             Was a Believer of Trog.
             Slain by a slime creature (13 damage)
             ... in the Dungeon (Sprint I: "Red Sonja").
             The game lasted 00:02:16 (747 turns).

wilfster70 the Carver (Demonspawn Berserker)         Turns: 747, Time: 00:02:16

Health: -2/55      AC:  2    Str: 17    XL:     6   Next: 72%
Magic:  6/6        EV: 17    Int:  8    God:    Trog [**....]
Gold:   307        SH:  0    Dex: 21    Spells: 5/5 levels left

rFire    . . .     SeeInvis .   a - +0 falchion
rCold    . . .     Gourm    .   (no shield)
rNeg     . . .     Faith    .   b - +0 animal skin
rPois    .         Spirit   .   (no helmet)
rElec    .         Reflect  .   (no cloak)
rCorr    .         Harm     .   (no gloves)
MR       .....     NoTele   +   (no boots)
Stlth    +++.......             (no amulet)
HPRegen  0.18/turn              (no ring)
MPRegen  0.10/turn              (no ring)

@: no status effects
A: thin skeletal structure 3
a: Berserk, Trog's Hand, Burn Spellbooks, Renounce Religion


You were in the Dungeon.
You worshipped Trog.
Trog was pleased with you.
You were near starving.

You visited 1 branch You collected 307 gold pieces.

Inventory:

Hand Weapons
 a - a +0 falchion (weapon)
Missiles
 l - 3 javelins (quivered)
Armour
 b - a +0 animal skin (worn)
Wands
 j - a wand of digging (18)
Scrolls
 i - a scroll of blinking
Potions
 d - a potion of curing
 e - a potion of heal wounds
 f - a potion of haste
 g - 2 potions of magic
 h - a potion of berserk rage
Comestibles
 c - a ration


   Skills:
 + Level 7.1 Fighting
 * Level 8.9 Long Blades
 + Level 6.1 Armour
 + Level 6.1 Dodging


You had 5 spell levels left.
You didn't know any spells.

Dungeon Overview and Level Annotations

Branches:
Dungeon (1/1)

Altars:
Cheibriados
Dithmenos
Elyvilon
Fedhas
Gozag
Hepliaklqana
Kikubaaqudgha
Makhleb
Nemelex Xobeh
Okawaru
Qazlal
Ru
Sif Muna
Trog
Uskayaw
Vehumet
Wu Jian
Xom
Yredelemnul
Zin
The Shining One
Jiyva
Lugonu

Shops:
D (

Annotations:
D Sonja


Innate Abilities, Weirdness & Mutations

You have an unnaturally thin skeletal structure. (Dex +6, Stealth++)


Message History

The slime creature is moderately wounded.
The slime creature hits you!!
* * * LOW HITPOINT WARNING * * *
You hit the slime creature.
The slime creature is moderately wounded.
The slime creature completely misses you.
You riposte.
You slash the slime creature!
The slime creature is heavily wounded.
You hit the slime creature.
The slime creature is heavily wounded.
You hit the slime creature.
The slime creature is heavily wounded.
The slime creature closely misses you.
You hit the slime creature.
The slime creature is severely wounded.
The slime creature misses you.
You hit the slime creature.
The slime creature is severely wounded.
The slime creature hits you!
You die...

###################
#<.#.))..#.)'..#__#
#..'..#..'..#..'@J+
#..#####'#####'#__#
#..####..#...#.####
#..#__####..##.#
#..#_____##'#_.+
#⌠⌠#_.∩...'..._#
####_..__##_.#'#
#_____###+#.#
####### #.###


You could see a slime creature.

Vanquished Creatures
  Sigmund (D)
  A yak (D)
  An ogre (D)
  A jelly (D)
  Ijyb (D)
5 creatures vanquished.

Vanquished Creatures (others)
  A gargoyle (D)
1 creature vanquished.

Grand Total: 6 creatures vanquished

Notes
Turn   | Place    | Note
-------+----------+-------------------------------------------
     0 | D        | wilfster70 the Demonspawn Berserker began the quest for the Orb.
     0 | D        | Reached XP level 1. HP: 18/18 MP: 1/1
     1 | D        | Noticed Ijyb
    15 | D        | Killed Ijyb
    15 | D        | Reached skill level 4 in Long Blades
    15 | D        | Gained mutation: You have a somewhat thin skeletal structure. (Dex +2, Stealth) [demonic ancestry]
    15 | D        | Reached XP level 2. HP: 15/25 MP: 2/2
   140 | D        | Killed a gargoyle
   188 | D        | Noticed an ogre
   192 | D        | Killed an ogre
   192 | D        | Reached skill level 5 in Fighting
   192 | D        | Reached skill level 5 in Long Blades
   192 | D        | Reached XP level 3. HP: 31/33 MP: 3/3
   192 | D        | Gained mutation: You have a moderately thin skeletal structure. (Dex +4, Stealth+) [demonic ancestry]
   192 | D        | Reached XP level 4. HP: 37/39 MP: 4/4
   292 | D        | Noticed Sigmund
   309 | D        | Killed Sigmund
   309 | D        | Reached ** piety under Trog
   309 | D        | Reached skill level 7 in Long Blades
   309 | D        | Reached skill level 5 in Armour
   309 | D        | Reached skill level 5 in Dodging
   309 | D        | Reached XP level 5. HP: 30/47 MP: 5/5
   309 | D        | Gained mutation: You have an unnaturally thin skeletal structure. (Dex +6, Stealth++) [demonic ancestry]
   309 | D        | Reached XP level 6. HP: 34/53 MP: 6/6
   412 | D        | Found a deep blue altar of Sif Muna.
   413 | D        | Found an ornate altar of the Wu Jian Council.
   414 | D        | Found a radiant altar of Vehumet.
   425 | D        | Reached skill level 8 in Long Blades
   434 | D        | Noticed Sonja
   690 | D        | Found Vullocla's Antique Weapon Emporium.
   690 | D        | Found an ancient bone altar of Kikubaaqudgha.
   690 | D        | Found a hazy altar of Hepliaklqana.
   690 | D        | Found a stormy altar of Qazlal.
   690 | D        | Found a hide-covered altar of Uskayaw.
   690 | D        | Found a blossoming altar of Fedhas.
   690 | D        | Found a bloodstained altar of Trog.
   690 | D        | Found an iron altar of Okawaru.
   690 | D        | Found a basalt altar of Yredelemnul.
   690 | D        | Found a glowing golden altar of the Shining One.
   690 | D        | Found a snail-covered altar of Cheibriados.
   690 | D        | Found a sacrificial altar of Ru.
   690 | D        | Found a glowing silver altar of Zin.
   690 | D        | Found a shadowy altar of Dithmenos.
   690 | D        | Found a white marble altar of Elyvilon.
   690 | D        | Noticed a yak
   691 | D        | Found an opulent altar of Gozag.
   697 | D        | Killed a yak
   698 | D        | Found a sparkling altar of Nemelex Xobeh.
   734 | D        | Found a burning altar of Makhleb.
   734 | D        | Found a viscous altar of Jiyva.
   734 | D        | Found a shimmering altar of Xom.
   734 | D        | Found a corrupted altar of Lugonu.
   734 | D        | Noticed a slime creature
   747 | D        | Slain by a slime creature

Skill      XL: |  1  2  3  4  5  6 |
---------------+-------------------+-----
Long Blades    | 4 5 7 8 |  8.9
Armour         | 2 4 5 6 |  6.1
Dodging        | 2 4 5 6 |  6.1
Fighting       | 5 6 7 |  7.1

Action                   |  1- 3 |  4- 6 || total
-------------------------+-------+-------++-------
Melee: Falchion          |    14 |    36 ||    50
Invok: Berserk           |     2 |     3 ||     5
 Stab: Sleeping          |       |     2 ||     2
  Eat: Chunk             |       |     2 ||     2
Armor: Animal skin       |     2 |       ||     2
Dodge: Dodged            |     3 |    16 ||    19
       Rpst.: Falchion   |     1 |     5 ||     6
